 Dungeon Crawl Stone Soup version 0.30-a0-359-gd0147acb1a (webtiles) character file.

Game seed: 11466578141569050101

126 ragingrage the Caller (level 5, -9/41 HPs)
             Began as a Merfolk Wanderer on Nov 11, 2022.
             Mangled by Blork the orc
             ... wielding a +2 vampiric halberd
              (12 damage)
             ... on level 4 of the Dungeon.
             The game lasted 00:03:33 (3155 turns).

ragingrage the Caller (Merfolk Wanderer)            Turns: 3155, Time: 00:03:33

Health: -9/41      AC:  8    Str: 16    XL:     5   Next: 9%
Magic:  19/19      EV: 10    Int: 18    God:
Gold:   146        SH:  4    Dex: 21    Spells: 4/8 levels left

rFire   . . .      SeeInvis +    n - +2 dagger (venom)
rCold   . . .      Faith    +    v - +0 buckler
rNeg    . . .      Spirit   .    C - +0 ring mail of the Cherry {rElec Will++ Str+4 Dex+3}
rPois   .          Reflect  .    p - +0 helmet "Busch" {Int+3}
rElec   +          Harm     .    (no cloak)
rCorr   .          Rampage  .    t - +0 pair of gloves
Will    ++...                    b - +0 pair of boots
Stlth   +.........               y
                                   - Hermit's Pendant {Faith Invo=14 Evo=0 MP+5}
HPRegen 0.26/turn                e - ring of see invisible
MPRegen 0.16/turn                f - +6 ring of intelligence

@: lethally poisoned (-9 -> -16), hasted and slowed
A: (nimble swimmer 2), mertail
a: no special abilities


You were on level 4 of the Dungeon.
You visited 1 branch of the dungeon, and saw 4 of its levels.

You collected 146 gold pieces.

Inventory:

Hand Weapons
 a - a +2 sling
 g - a +2 short sword of speed
 n - a +2 dagger of venom (weapon)
 s - a +0 falchion
 D - a +3 short sword
Missiles
 m - 2 poisoned darts
Armour
 b - a +0 pair of boots (worn)
 p - the +0 helmet "Busch" (worn) {Int+3}
   (You found it on level 2 of the Dungeon)

   Int:       It affects your intelligence (+3).
 t - a +0 pair of gloves (worn)
 v - a +0 buckler (worn)
 C - the +0 ring mail of the Cherry (worn) {rElec Will++ Str+4 Dex+3}
   (You found it on level 3 of the Dungeon)

   Str:       It affects your strength (+4).
   Dex:       It affects your dexterity (+3).
   rElec:     It insulates you from electricity.
   Will:      It greatly increases your willpower.
Jewellery
 e - a ring of see invisible (left hand)
 f - a +6 ring of intelligence (right hand)
 u - an amulet of faith
 x - a ring of wizardry
 y - the Hermit's Pendant (around neck) {Faith Invo=14 Evo=0 MP+5}
   (You found it on level 3 of the Dungeon)

   [amulet of faith]

   It sets your invocations skill to 14 and your evocations skill to 0.
   It allows you to gain divine favour quickly.
   MP:        It affects your magic capacity (+5).
Scrolls
 d - a scroll of immolation {unknown}
 h - a scroll of noise {unknown}
 i - 2 scrolls of enchant armour {unknown}
 j - 2 scrolls of identify {unknown}
 k - a scroll of blinking {unknown}
 l - 2 scrolls of teleportation {unknown}
 o - a scroll of magic mapping {unknown}
 q - a scroll of amnesia {unknown}
 r - a scroll of fog {unknown}
 w - a scroll of poison {unknown}
 A - 2 scrolls of fear {unknown}
Potions
 c - a potion of might
 B - a potion of lignification


   Skills:
 + Level 3.3 Fighting
 + Level 1.5 Long Blades
 - Level 1.5 Ranged Weapons
 + Level 1.5 Dodging
 - Level 1.1 Stealth
 + Level 0.1 Shields
 - Level 2.0 Spellcasting
 + Level 4.1 Summonings
 - Level 1.0(0.0) Evocations


You had 4 spell levels left.
You knew the following spells:

 Your Spells              Type           Power      Damage    Failure   Level
a - Summon Small Mammal   Summ           64%        N/A       9%          1
b - Call Canine Familiar  Summ           16%        N/A       26%         3

Your spell library contained the following spells:

 Spells                   Type           Power      Damage    Failure   Level


Dungeon Overview and Level Annotations

Branches:
Dungeon (4/15)
 Temple: D:4-7

Altars:
Nemelex Xobeh

Annotations:
D:3 1 runed translucent door, Crazy Yiuf
D:4 Blork the orc


Innate Abilities, Weirdness & Mutations

((You are very nimble when in or above water. (Stealth+, EV+, Speed+++)))
Your lower body shifts to a powerful aquatic tail in water.


Message History

D - a +3 short sword
Okay, then.
HP restored.
As you open the door, it creaks loudly!
You hear a shout! x3
An orc comes into view. It is wielding a +0 whip.
An orc is nearby!
An orc is nearby!
Okay, then.
Blork the orc comes into view.
He is wielding a +2 vampiric halberd and carrying a wand of flame (9).
Found a leather armour.
A kobold brigand comes into view.
It is wielding a +0 dagger and quivering curare-tipped darts.
A hobgoblin comes into view.
Found an escape hatch in the ceiling.
The kobold brigand throws a curare-tipped dart.
The curare-tipped dart hits you.
You are poisoned.
You have difficulty breathing.
You feel yourself slow down.
An endoplasm comes into view.
You feel very sick.
The endoplasm quivers.
Blork the orc zaps a wand.
The puff of flame hits you but does no damage.
The kobold brigand throws a curare-tipped dart.
The curare-tipped dart hits you.
You are more poisoned.
You have difficulty breathing.
You feel as though you will be slow longer.
You feel very sick. The orc hits you but does no damage. x2
The hobgoblin attacks as you move away!
The hobgoblin hits you but does no damage.
You feel very sick.
It was a potion of haste.
You feel yourself speed up.
You feel very sick.
Blork the orc hits you from afar with a +2 vampiric halberd.
* * * LOW HITPOINT WARNING * * *
The hobgoblin hits you.
* * * LOW HITPOINT WARNING * * *
Blork the orc hits you from afar with a +2 vampiric halberd!
You die...

...............
.......[.......
..<..........#
.............#
.............#
........J....#
........o....#
.......g.....#+##
.......K@o......#
................#
##########'#....#
#.#....# #.#....#
#.#.#.## #.#.#.#
#.#<#.# #......#


You could see Blork the orc, a kobold brigand, an orc, an endoplasm and a
hobgoblin.

Vanquished Creatures
  3 gnolls (D:2)
  3 adders (D:3)
  A shadow imp (D:3)
  A worm (D:2)
  A dart slug (D:3)
  6 orcs (D:3)
  3 ball pythons
  5 endoplasms
  3 giant cockroaches
  2 goblins (D:1)
  4 hobgoblins
  8 kobolds
  A quokka (D:3)
  4 bats
  6 frilled lizards
  4 rats
55 creatures vanquished.

Vanquished Creatures (collateral kills)
  A ball python (D:1)
1 creature vanquished.

Grand Total: 56 creatures vanquished

Notes
Turn   | Place    | Note
-------+----------+-------------------------------------------
     0 | D:1      | ragingrage the Merfolk Wanderer began the quest for the
                  | Orb.
     0 | D:1      | ragingrage set off with the following items: a +2 sling, a
                  | +0 pair of boots, a potion of might, a +0 leather armour;
                  | and the following spell memorised: Summon Small Mammal; and
                  | the following spells available to memorise: Call Canine
                  | Familiar.
     0 | D:1      | Reached XP level 1. HP: 13/13 MP: 3/3
   510 | D:1      | Reached XP level 2. HP: 19/19 MP: 1/5
   982 | D:2      | Identified the +0 helmet "Busch" {Int+3}
  1066 | D:2      | Reached skill level 1 in Fighting
  1137 | D:2      | Reached XP level 3. HP: 20/26 MP: 6/6
  1558 | D:2      | HP: 1/42 [gnoll/+0 whip (6)]
  1563 | D:2      | Reached XP level 4. HP: 34/34 MP: 7/7
  1623 | D:2      | Learned a level 3 spell: Call Canine Familiar
  1936 | D:3      | Found a runed translucent door.
  1937 | D:3      | Noticed Crazy Yiuf
  1987 | D:3      | Found a faded altar of an unknown god.
  1987 | D:3      | Found the Hermit's Pendant {Faith Invo=14 Evo=0 MP+5}
  2147 | D:3      | Reached skill level 4 in Summonings
  2173 | D:3      | Found a faded altar of an unknown god.
  2185 | D:3      | Reached skill level 1 in Long Blades
  2271 | D:3      | Reached XP level 5. HP: 41/41 MP: 14/14
  2397 | D:3      | Identified the +0 ring mail of the Cherry {rElec Will++
                  | Str+4 Dex+3}
  2730 | D:3      | Found a faded altar of an unknown god.
  2734 | D:3      | Found a sparkling altar of Nemelex Xobeh.
  3150 | D:4      | Noticed Blork the orc
  3150 | D:4      | Noticed a kobold brigand
  3155 | D:4      | Mangled by Blork the orc

Illustrated notes

Levels and vault maps discovered:
D:1:      spicycebolla_arrival_xxxplode, layout_basic
D:2:      layout_loops_ring, corner_web_ring
D:3:      layout_loops_corners, nicolae_overflow_ecumenical_swirl,
          chequers_ecumenical_altar_island, serial_glass, glass_columns_c,
          glass_columns_b, glass_columns_c, glass_columns_a,
          hellmonk_guarded_unrand_hermit, uniq_crazy_yiuf_cottage
D:4:      minmay_bubble_buster, layout_basic, lemuel_crystal_altar,
          general_overflow_altar, serial_shops, nicolae_stop_n_shop_1,
          uniq_blork_the_orc

Skill      XL: |  1  2  3  4 |
---------------+-------------+-----
Fighting       | 1 2 3 |  3.3
Summonings     | 4 |  4.1
Long Blades    | 1 |  1.5
Ranged Weapons | |  1.5
Dodging        | |  1.5
Stealth        | |  1.1
Shields        | |  0.1
Spellcasting   | |  2.0
Evocations     | |  1.0

Action                   |  1- 3 |  4- 6 || total
-------------------------+-------+-------++-------
Melee: Short sword       |    23 |       ||    23
       Dagger            |    44 |    82 ||   126
       Tailslap          |       |     2 ||     2
 Fire: Sling             |    20 |       ||    20
 Cast: Summon Small Mamm |    10 |       ||    10
  Use: Potion            |     4 |     1 ||     5
 Stab: Sleeping          |     2 |     1 ||     3
Armor: Leather armour    |    25 |    16 ||    41
       Skin              |    13 |       ||    13
       Ring mail         |       |     6 ||     6
Dodge: Dodged            |    42 |    47 ||    89
Block: Buckler           |       |     3 ||     3

Table legend: (Time is in decaauts)
 A = Elapsed time spent in this place.
 B = Non-inter-level travel time spent in this place.
 C = Inter-level travel time spent in this place.
 D = Time resting spent in this place.
 E = Time spent auto-exploring this place.
 F = Levels seen in this place.
 G = Mean time per level.
                   A        B        C        D        E       F      G
               +--------+--------+--------+--------+--------+-----+--------+
         Total |   3141 |   2905 |    236 |    393 |   1976 |   4 |  785.2 |
       Dungeon |   3141 |   2905 |    236 |    393 |   1976 |   4 |  785.2 |
               +--------+--------+--------+--------+--------+-----+--------+

Top non-repeatable levels by time:
     D:3: 1394 daAuts
     D:1: 971 daAuts
     D:2: 751 daAuts
     D:4: 24 daAuts
